 Dungeon Crawl Stone Soup version 0.19-a0-811-gf4045fb (webtiles) character file.

658 Arkorax the Skirmisher (level 7, -3/56 HPs)
             Began as a Demonspawn Gladiator on June 28, 2016.
             Was a Believer of Makhleb.
             Slain by an ogre
             ... wielding a +0 giant club
              (13 damage)
             ... on level 5 of the Dungeon.
             The game lasted 00:03:57 (4751 turns).

Arkorax the Skirmisher (Demonspawn Gladiator)       Turns: 4751, Time: 00:03:58

Health: -3/56      AC:  9    Str: 18    XL:     7   Next: 29%
Magic:  0/7        EV: 11    Int:  9    God:    Makhleb [**....]
Gold:   163        SH:  0    Dex: 13    Spells: 0 memorised, 6 levels left

rFire  . . .     SeeInvis .     a - +0 war axe
rCold  . . .     Gourm    .     m - +0 ring mail
rNeg   . . .     Faith    .     (no shield)
rPois  .         Spirit   +     c - +0 helmet
rElec  .         Dismiss  .     (no cloak)
rCorr  .         Reflect  .     (no gloves)
SustAt .         Harm     .     (no boots)
MR     .....                    (no amulet)
Stlth  +.........               (no ring)
                                (no ring)

@: not resistant to hostile enchantments, very unstealthy
A: molten scales 2, magic shield
a: Minor Destruction, Renounce Religion


You were on level 5 of the Dungeon.
You worshipped Makhleb.
Makhleb was pleased with you.
You were not hungry.

You visited 1 branch of the dungeon, and saw 5 of its levels.

You collected 163 gold pieces.

Inventory:

Hand Weapons
 a - a +0 war axe (weapon)
Missiles
 d - 3 throwing nets (quivered)
Armour
 b - a +0 leather armour
 c - a +0 helmet (worn)
 m - a +0 ring mail (worn)
Jewellery
 y - an uncursed ring of poison resistance {unknown}
Scrolls
 e - 2 scrolls of blinking {unknown}
 f - 2 scrolls of enchant weapon {unknown}
 g - 5 scrolls of remove curse {unknown}
 i - a scroll of random uselessness {unknown}
 l - a scroll of fear {unknown}
 o - 2 scrolls of recharging {unknown}
 q - 3 scrolls of magic mapping {unknown}
 t - a scroll of amnesia {unknown}
 x - 2 scrolls of identify {unknown}
Potions
 k - 4 potions of curing
 n - a potion of degeneration {unknown}
 p - a potion of invisibility {unknown}
 u - a potion of brilliance {unknown}
 v - a potion of mutation {unknown}
 w - a potion of cure mutation {unknown}
Comestibles
 j - 2 meat rations
 r - a fruit
 s - 2 bread rations
 z - a beef jerky


   Skills:
 * Level 5.5 Fighting
 * Level 5.0 Axes
 - Level 1.7 Throwing
 + Level 3.2 Armour
 - Level 2.6 Dodging


You had 6 spell levels left.
You didn't know any spells.

Dungeon Overview and Level Annotations

Branches:
Dungeon (5/15)
 Temple: D:4-7

Altars:
Cheibriados
Fedhas
Makhleb
Vehumet
Yredelemnul
The Shining One

Portals:
Sewer: D:5


Innate Abilities, Weirdness & Mutations

You are mostly covered in molten scales. (AC +3, EV -1)
When hurt, damage is shared between your health and your magic reserves.


Message History

You slash the ogre!
The ogre is heavily wounded.
The orc priest calls down the wrath of Beogh upon you.
Beogh smites you! The ogre hits you with a giant club!!
* * * LOW HITPOINT WARNING * * *
The orc wizard misses you.
You are too injured to fight recklessly!
Unknown command.
You are too injured to fight recklessly!
You are too injured to fight recklessly!
Unknown command.
Unknown command.
Unknown command.
You are too injured to fight recklessly!
You are too injured to fight recklessly!
Unknown command.
Okay, then.
It was a potion of curing.
You feel better. The orc wizard barely misses you.
The ogre hits you with a giant club!
You die...

### ..# #.#
#o# #o# #o#
#@#
######O###
#..
#........#
#.>
#.######.#
.. #.# .# ##
#### #.# .
...#... #.#
#.
.>.#.>.###.#
.# #...#...#
#


You could see an ogre, 2 orc priests and an orc wizard.

Vanquished Creatures
  A phantom (D:4)
  A centaur (D:5)
  3 jellies (D:5)
  A hound (D:3)
  2 orc wizards (D:4)
  An iguana (D:4)
  3 worker ants
  9 adders
  An ooze (D:3)
  An adder skeleton (D:5)
  3 worms
  4 dart slugs
  7 giant geckos
  12 orcs
  6 bats
  11 giant cockroaches
  6 goblins
  8 hobgoblins
  5 quokkas
  7 giant newts
  11 kobolds
  6 rats
109 creatures vanquished.

Notes
Turn   | Place    | Note
--------------------------------------------------------------
     0 | D:1      | Arkorax the Demonspawn Gladiator began the quest for the Orb.
     0 | D:1      | Reached XP level 1. HP: 16/16 MP: 1/1
   306 | D:1      | Gained mutation: You are partially covered in molten scales. (AC +1) [demonic ancestry]
   306 | D:1      | Reached XP level 2. HP: 23/23 MP: 2/2
   489 | D:1      | Reached skill level 1 in Armour
   651 | D:1      | Reached XP level 3. HP: 22/28 MP: 3/3
   993 | D:2      | Found a glowing golden altar of the Shining One.
   998 | D:2      | Found a radiant altar of Vehumet.
  1324 | D:2      | Gained mutation: You are mostly covered in molten scales. (AC +3, EV -1) [demonic ancestry]
  1324 | D:2      | Reached XP level 4. HP: 31/35 MP: 4/4
  1781 | D:2      | Found a snail-covered altar of Cheibriados.
  2302 | D:3      | Found a burning altar of Makhleb.
  2369 | D:3      | Became a worshipper of Makhleb the Destroyer
  2834 | D:3      | Found a basalt altar of Yredelemnul.
  2939 | D:3      | Gained mutation: When hurt, damage is shared between your health and your magic reserves. [demonic ancestry]
  2939 | D:3      | Reached XP level 5. HP: 33/42 MP: 5/5
  3402 | D:3      | Reached * piety under Makhleb
  3521 | D:4      | Found a blossoming altar of Fedhas.
  3547 | D:4      | Noticed a phantom
  3605 | D:4      | Killed a phantom
  3605 | D:4      | Reached XP level 6. HP: 12/49 MP: 2/6
  4150 | D:5      | Entered Level 5 of the Dungeon
  4150 | D:5      | Found a radiant altar of Vehumet.
  4242 | D:5      | Found a glowing drain.
  4250 | D:5      | Reached ** piety under Makhleb
  4295 | D:5      | Reached skill level 5 in Fighting
  4307 | D:5      | Reached XP level 7. HP: 24/56 MP: 2/7
  4725 | D:5      | Reached skill level 5 in Axes
  4750 | D:5      | HP: 2/56 [ogre/giant club (24)]
  4751 | D:5      | Slain by an ogre

Vault maps used:
D:1:      onia_arrival_pyramid
D:2:      nicolae_overflow_hidden_temple, overflow_temple_1_default,
          vehumet_crystals, lemuel_crystal_altar, minmay_split_cup_large
D:3:      nicolae_overflow_crystal_walls, lemuel_round_altar
D:4:      fedhas_altar_2
D:5:      lemuel_coloured_pillars_altar, portal_sewer_entry_f, first_bread,
          basic_altar, nicolae_ossuary_entry_false_entrances, uniq_eustachio

Skill      XL: |  1  2  3  4  5  6  7 |
---------------+----------------------+-----
Armour         | 1 2 3 |  3.2
Axes           | 3 4 5 |  5.0
Fighting       | 3 4 5 |  5.5
Throwing       | |  1.7
Dodging        | |  2.6

Action                   |  1- 3 |  4- 6 |  7- 9 || total
-------------------------+-------+-------+-------++-------
Melee: War axe           |    70 |   248 |    37 ||   355
  Use: Potion            |     1 |     1 |     2 ||     4
  Eat: Chunk             |     1 |     4 |       ||     5
       Bread ration      |       |     1 |       ||     1
       Fruit             |       |     2 |       ||     2
       Meat ration       |       |       |     1 ||     1
Armor: Leather armour    |    24 |    10 |       ||    34
       Ring mail         |       |   126 |    23 ||   149
Dodge: Dodged            |    56 |   169 |    37 ||   262
